 Dungeon Crawl Stone Soup version 0.18.1-47-g9310371 (webtiles) character file.

46 grulito the Chopper (level 3, 0/34 HPs)
             Began as a Deep Dwarf Berserker on June 19, 2016.
             Was a Follower of Trog.
             Slain by Sigmund
             ... wielding a +0 scythe
              (5 damage)
             ... on level 2 of the Dungeon.
             The game lasted 00:09:45 (1486 turns).

grulito the Chopper (Deep Dwarf Berserker)          Turns: 1486, Time: 00:09:46

Health: 0/34       AC:  6    Str: 21    XL:     3   Next: 46%
Magic:  3/3        EV: 11    Int:  7    God:    Trog [*.....]
Gold:   70         SH:  0    Dex: 12    Spells: 0 memorised, 2 levels left

rFire  . . .     SeeInvis .     a - +0 hand axe
rCold  . . .     Gourm    .     e - +0 ring mail
rNeg   . . .     Faith    .     (no shield)
rPois  .         Spirit   .     (no helmet)
rElec  .         Dismiss  .     (no cloak)
rCorr  .         Reflect  .     (no gloves)
SustAt .         Harm     .     k - +0 pair of boots
MR     .....                    (no amulet)
Stlth  +.........               (no ring)
                                (no ring)

@: non-regenerating, not resistant to hostile enchantments, very unstealthy
A: damage resistance, recharge devices, sense surroundings 1, slow regeneration
3
a: Device Recharging, Berserk, Burn Spellbooks, Renounce Religion


You were on level 2 of the Dungeon.
You worshipped Trog.
Trog was aware of your devotion.
You were hungry.

You visited 1 branch of the dungeon, and saw 2 of its levels.

You collected 70 gold pieces.

Inventory:

Hand Weapons
 a - a +0 hand axe (weapon)
Missiles
 j - 4 tomahawks (quivered)
Armour
 b - a +0 animal skin
 e - a +0 ring mail (worn)
 k - a +0 pair of boots (worn)
Wands
 c - a wand of heal wounds (2/9)
Scrolls
 f - 3 scrolls of remove curse {unknown}
 g - 2 scrolls of noise {unknown}
 i - 3 scrolls of identify
Potions
 h - a potion of cancellation
Comestibles
 d - a bread ration
 l - a meat ration
 m - 2 fruits


   Skills:
 + Level 3.1 Fighting
 + Level 3.8 Axes
 + Level 0.3 Throwing
 + Level 2.9 Armour
 + Level 2.6 Dodging


You had 2 spell levels left.
You didn't know any spells.

Dungeon Overview and Level Annotations

Branches:
Dungeon (2/15)

Altars:

Annotations:
D:2 Sigmund


Innate Abilities, Weirdness & Mutations

You are resistant to damage.
You can recharge devices by infusing magical energy.
You passively map a small area around you.
You do not regenerate naturally.


Message History

You're too confused to move!
You bump into the rock wall.
You feel less confused. Something hits you.
* * * LOW HITPOINT WARNING * * *
The hobgoblin hits you but does no damage.
You hit the hobgoblin.
The hobgoblin is moderately wounded.
Something hits you.
* * * LOW HITPOINT WARNING * * *
The hobgoblin barely misses you.
You hit the hobgoblin but do no damage.
The hobgoblin is moderately wounded.
The hobgoblin closely misses you.
You hit the hobgoblin but do no damage.
The hobgoblin is moderately wounded.
You hear some strange, mumbled words.
The hobgoblin resists with significant effort.
The hobgoblin barely misses you. Something hits you.
You die...

#...............# .#
#....###.......S##.####
*
##.#.###................
,
#.....#................
.#*#.............#.#..#
.##..##...........#..#
##.... #.........#....#,
#...#>###.#####.>#.#..#,
,
.##......#..@g.......#.
,*,
##.###.#.####........
##.##.....##.####### *
#.##.#.#.##.#
#....#...g..#
*#.#######.#### , #.#*
#.# ,... #g# #.. * *#(#


You could see a hobgoblin.

Vanquished Creatures
  3 adders (D:2)
  2 ball pythons
  A giant cockroach (D:1)
  2 hobgoblins
  6 kobolds
  3 bats
  A giant newt (D:1)
  2 goblins (D:2)
  2 rats
22 creatures vanquished.

Notes
Turn   | Place    | Note
--------------------------------------------------------------
     0 | D:1      | grulito the Deep Dwarf Berserker began the quest for the Orb.
     0 | D:1      | Reached XP level 1. HP: 20/20 MP: 1/1
   769 | D:1      | Reached XP level 2. HP: 21/27 MP: 2/2
  1064 | D:2      | Reached XP level 3. HP: 21/34 MP: 3/3
  1417 | D:2      | Noticed Sigmund
  1450 | D:2      | HP: 1/34 [something (11)]
  1486 | D:2      | Slain by Sigmund

Skill      XL: |  1  2 |
---------------+-------+-----
Fighting       | 3 |  3.1
Axes           | |  3.8
Throwing       | |  0.3
Armour         | |  2.9
Dodging        | |  2.6

Action                   || total
-------------------------++-------
Melee: Hand axe          ||    89
Throw: Tomahawk          ||    12
Evoke: Wand              ||     3
  Use: Scroll            ||     1
  Eat: Fruit             ||     1
Armor: Ring mail         ||    56
Dodge: Dodged            ||    71
